 Dungeon Crawl Stone Soup version 0.18-a0-1784-ga939a68 (webtiles) character file.

54897 Murumi the Carver (level 15, -14/115 HPs)
             Began as a Formicid Fighter on Apr 18, 2016.
             Was a High Priest of Elyvilon.
             Demolished by a reaper
             ... wielding a +2 vampiric scythe
              (27 damage)
             ... on level 3 of the Abyss.
             The game lasted 02:43:47 (27022 turns).

Murumi the Carver (Formicid Fighter)               Turns: 27022, Time: 02:43:48

Health: -14/115    AC: 21    Str: 31    XL:     15   Next: 15%
Magic:  23/23      EV:  8    Int: 10    God:    Elyvilon [*****.]
Gold:   196        SH:  0    Dex: 10    Spells: 0 memorised, 14 levels left

rFire  . . .     SeeInvis +     e - +1 great sword
rCold  + . .     Gourm    .     K - +2 plate armour {rC+}
rNeg   + . .     Faith    .     c - +0 shield
rPois  .         Spirit   .     (helmet unavailable)
rElec  .         Dismiss  .     t - +1 cloak
rCorr  .         Reflect  .     N - +0 pair of gloves
SustAt .         Harm     .     g - +0 pair of boots
MR     +....                    G - amulet of regeneration
Stlth  ..........               q - ring of positive energy
                                S - +6 ring of strength

@: confused, non-regenerating, diseased, somewhat resistant to hostile
enchantments, extremely unstealthy
A: permanent stasis, dig shafts and tunnels, four strong arms, antennae 3
a: Dig, Shaft Self, Lesser Healing, Heal Other, Purification, Greater Healing,
Divine Vigour, Divine Protection, Renounce Religion


You were on level 3 of the Abyss.
You worshipped Elyvilon.
Elyvilon was extremely pleased with you.
You were very hungry.

You visited 4 branches of the dungeon, and saw 21 of its levels.
You visited the Abyss 1 time.
You also visited: Ossuary.

You collected 1519 gold pieces.
You spent 1323 gold pieces at shops.

Inventory:

Hand Weapons
 d - a +0 long sword of flaming
 e - a +1 great sword (weapon)
 f - a +3 hunting sling
Missiles
 h - 447 stones (quivered)
 m - 196 sling bullets
Armour
 c - a +0 shield (worn)
 g - a +0 pair of boots (worn)
 t - a +1 cloak (worn)
 K - a +2 plate armour of cold resistance (worn)
 N - a +0 pair of gloves (worn)
Jewellery
 q - a ring of positive energy (right hand)
 u - an uncursed ring of poison resistance
 y - an uncursed ring of sustain attributes
 G - an amulet of regeneration (around neck)
 S - a +6 ring of strength (left hand)
Wands
 D - a wand of lightning (10/15)
 F - a wand of iceblast (9/15)
 L - a wand of lightning (8/15)
 M - a wand of iceblast (7/15)
 O - a wand of acid (3/15)
Scrolls
 b - 3 scrolls of fear
 k - 2 scrolls of remove curse
 l - 4 scrolls of fog
 r - 5 scrolls of enchant armour
 H - 3 scrolls of recharging
 J - 3 scrolls of amnesia
 Q - 2 scrolls of holy word
Potions
 p - 2 potions of cancellation
 v - 5 potions of agility
 w - a potion of ambrosia
 x - a potion of cure mutation
 z - 4 potions of flight
 A - a potion of resistance
 C - 8 potions of curing
 E - a potion of magic
 I - 2 potions of might
 R - 4 potions of heal wounds
Comestibles
 a - 2 royal jellies
 i - 14 bread rations
 j - 4 beef jerkies
 n - 12 meat rations
 o - 40 fruits


   Skills:
 - Level 10.0 Fighting
 + Level 14.6 Long Blades
 - Level 12.0 Slings
 - Level 10.0 Armour
 - Level 11.0 Shields
 - Level 11.0 Invocations


You had 14 spell levels left.
You didn't know any spells.

Dungeon Overview and Level Annotations

Branches:
Dungeon (11/15)            Temple (1/1) D:7            Lair (7/8) D:9
  Swamp (0/4) Lair:4        Snake (0/4) Lair:4          Orc (2/2) D:11
    Elf (0/3) Orc:2
  Slime: Lair:6-8

Altars:
Ashenzari
Cheibriados
Dithmenos
Elyvilon
Fedhas
Gozag
Kikubaaqudgha
Makhleb
Nemelex Xobeh
Okawaru
Pakellas
Qazlal
Ru
Sif Muna
Trog
Vehumet
Xom
Yredelemnul
Zin
The Shining One

Shops:
D:10 !   D:11 :=!*   Orc:2 *}


Innate Abilities, Weirdness & Mutations

You are under a permanent stasis effect.
You can dig through walls and to a lower floor.
Your four strong arms can wield two-handed weapons with a shield.
You have a pair of large antennae on your head (SInv).


Message History

A starcursed mass splits.
Found a broad axe.
A large abomination comes into view.
The golden eye blinks!
You feel ill.
The golden eye blinks!
The starcursed mass engulfs you but does no damage. x2
The starcursed mass engulfs you.
* * * LOW HITPOINT WARNING * * *
Okay, then.
The reaper shouts, "You must die NOW!"
The reaper hits you but does no damage.
A starcursed mass splits.
The golden eye blinks!
A chorus of shrieks assaults your mind.
* * * LOW HITPOINT WARNING * * *
You bump into the rock wall.
The golden eye blinks at you.
You easily resist.
The golden eye blinks at you.
You are more confused.
The reaper hits you from afar with a vampiric scythe!!
You die...

....{ ..##
.....{.%.## #...
# #.. ..#..# ##
. .≈....#3###.
#..
....#..#x##.#
...
###.#..##2#.#
G.#
..≈..##.##...#
{...X..XX@....#
#....GGX##....[.
.##..##XX ..##.
#. #.{# .# ...
.... .. =..
..... .. ##.
#...#. # ...##.#


You could see 4 starcursed masses, a reaper, an ancient zyme, a large
abomination, a neqoxec and 3 golden eyes.

Vanquished Creatures
  4 hydras
  A catoblepas (Lair:7)
  8 death yaks
  3 orc knights (Orc:2)
  An ugly thing (D:8)
  The ghost of Murumi the Shield-Bearer, a novice FoFi (D:5)
  An orc sorcerer (Orc:2)
  2 griffons (Lair:6)
  A cyclops (D:11)
  9 black mambas (Lair:4)
  A rust devil (Abyss:2)
  2 smoke demons
  A torpor snail (Lair:3)
  12 spiny frogs
  9 komodo dragons
  A rime drake (Lair:6)
  2 trolls
  18 blink frogs
  A small abomination (Abyss:3)
  A raiju (Abyss:2)
  A boulder beetle (Lair:7)
  3 spriggans
  3 wyverns
  Eustachio (D:5)
  11 hippogriffs
  57 yaks
  2 hungry ghosts
  Grum (D:9)
  6 basilisks
  11 swamp worms
  3 wargs
  10 orc warriors
  12 porcupines
  8 sky beasts
  10 water moccasins
  4 phantoms
  2 ice beasts
  2 black bears
  25 wolves
  6 ogres
  5 centaurs
  12 crocodiles
  2 big kobolds
  14 giant frogs
  2 wyvern skeletons
  4 scorpions
  7 killer bees
  8 wights
  2 vampire bats (Lair:3)
  A howler monkey (D:4)
  A centaur zombie (D:6)
  2 crimson imps
  A quasit (D:7)
  12 hounds
  2 jellies
  21 orc priests
  2 gnoll shamans
  A centaur skeleton (D:4)
  9 iguanas
  22 orc wizards
  12 worker ants
  7 hell rats (Lair:4)
  3 sheep (D:11)
  8 big kobold zombies (Ossuary)
  A hound zombie (D:5)
  3 hound skeletons
  A mummy (Ossuary)
  A worker ant zombie (D:7)
  7 gnolls
  15 adders
  41 river rats
  3 shadow imps (D:7)
  3 adder skeletons
  15 worms
  A dart slug (D:1)
  7 giant geckos
  71 orcs
  3 spectral bats (Ossuary)
  6 giant cockroaches
  4 gnoll zombies (Ossuary)
  3 hobgoblins
  7 jackals
  17 kobolds
  5 quokkas
  12 bats
  3 bat simulacra (Ossuary)
  A giant gecko skeleton (D:4)
  4 giant newts
  4 goblins
  4 goblin simulacra (Ossuary)
  6 goblin zombies (Ossuary)
  4 hobgoblin zombies (Ossuary)
  A jackal zombie (D:8)
  5 kobold simulacra (Ossuary)
  4 kobold zombies (Ossuary)
  4 orc zombies (Ossuary)
  5 rats
  A rat simulacrum (Ossuary)
  A spectral goblin (Ossuary)
  A spectral kobold (Ossuary)
  7 spectral rats (Ossuary)
  3 fungi
  3 plants
704 creatures vanquished.

Vanquished Creatures (others)
  A death yak (Lair:7)
  An iguana (D:9)
  A giant gecko (D:9)
  10 fungi
  14 plants
27 creatures vanquished.

Grand Total: 731 creatures vanquished

Notes
Turn   | Place    | Note
--------------------------------------------------------------
     0 | D:1      | Murumi the Formicid Fighter began the quest for the Orb.
     0 | D:1      | Reached XP level 1. HP: 18/18 MP: 1/1
   220 | D:1      | Reached XP level 2. HP: 24/24 MP: 2/2
   744 | D:2      | Reached skill level 3 in Long Blades
   744 | D:2      | Reached XP level 3. HP: 22/29 MP: 3/3
  1255 | D:2      | Reached XP level 4. HP: 35/35 MP: 4/4
  1294 | D:2      | Reached skill level 1 in Slings
  1651 | D:3      | Found a shattered altar of Ashenzari.
  1810 | D:3      | Found a sacrificial altar of Ru.
  2184 | D:3      | Found a stormy altar of Qazlal.
  2426 | D:4      | Reached XP level 5. HP: 26/41 MP: 5/5
  2846 | D:4      | Reached XP level 6. HP: 45/47 MP: 6/6
  3130 | D:4      | Reached skill level 5 in Shields
  3329 | D:4      | Noticed an ogre
  3340 | D:4      | Killed an ogre
  3340 | D:4      | Reached skill level 4 in Long Blades
  3387 | D:4      | Reached XP level 7. HP: 51/52 MP: 7/7
  3401 | D:4      | Found a blossoming altar of Fedhas.
  3543 | D:4      | Reached skill level 5 in Slings
  3972 | D:4      | Found an oddly glowing altar of Pakellas.
  4122 | D:5      | Entered Level 5 of the Dungeon
  4219 | D:5      | Noticed Murumi's ghost (novice FoFi)
  4234 | D:5      | Killed Murumi's ghost
  4234 | D:5      | Reached XP level 8. HP: 36/58 MP: 8/8
  4715 | D:5      | Found a glowing golden altar of the Shining One.
  4724 | D:5      | Reached skill level 5 in Long Blades
  5060 | D:5      | Noticed Eustachio
  5123 | D:5      | Killed Eustachio
  5123 | D:5      | Reached XP level 9. HP: 64/64 MP: 9/9
  5583 | D:5      | Found a glowing silver altar of Zin.
  5940 | D:6      | Found a white marble altar of Elyvilon.
  5957 | D:6      | Became a worshipper of Elyvilon the Healer
  6358 | D:6      | Reached skill level 6 in Long Blades
  6374 | D:6      | Reached skill level 1 in Invocations
  7172 | D:6      | Found a burning altar of Makhleb.
  7262 | D:6      | Reached * piety under Elyvilon
  7429 | D:7      | Found a sand-covered staircase.
  7439 | Ossuary  | Entered an ossuary
  7730 | Ossuary  | Reached XP level 10. HP: 71/71 MP: 13/13
  7891 | D:7      | Reached skill level 7 in Long Blades
  7978 | D:7      | Reached skill level 5 in Invocations
  8273 | D:7      | Found a staircase to the Ecumenical Temple.
  8310 | Temple   | Entered the Ecumenical Temple
  8938 | D:8      | Noticed a purple ugly thing
  8973 | D:8      | Killed a purple ugly thing
  8973 | D:8      | Reached skill level 8 in Long Blades
  9235 | D:8      | Found a white marble altar of Elyvilon.
  9268 | D:8      | Reached skill level 5 in Fighting
  9522 | D:8      | Found a snail-covered altar of Cheibriados.
  9594 | D:8      | Reached ** piety under Elyvilon
  9621 | D:8      | Reached skill level 5 in Armour
 10015 | D:9      | Reached XP level 11. HP: 28/80 MP: 13/15
 10554 | D:8      | Reached skill level 9 in Long Blades
 10876 | D:9      | Found an iron altar of Okawaru.
 10886 | D:9      | Found a bloodstained altar of Trog.
 10919 | D:9      | Found a basalt altar of Yredelemnul.
 11097 | D:9      | Reached skill level 10 in Slings
 11383 | D:9      | Found a burning altar of Makhleb.
 11754 | D:9      | Noticed Grum
 11757 | D:9      | Killed Grum
 11800 | D:9      | Found a staircase to the Lair.
 11921 | D:9      | Found an ancient bone altar of Kikubaaqudgha.
 11936 | D:9      | Found a radiant altar of Vehumet.
 12029 | D:10     | Entered Level 10 of the Dungeon
 12153 | Lair:1   | Entered Level 1 of the Lair of Beasts
 13178 | Lair:1   | Reached skill level 10 in Long Blades
 13179 | Lair:1   | Noticed a seven-headed hydra
 13198 | Lair:1   | Pacified a four-headed hydra
 13200 | Lair:1   | Reached XP level 12. HP: 22/88 MP: 6/17
 13469 | Lair:1   | Elyvilon protects you from harm!
 13472 | Lair:1   | Elyvilon protects you from harm!
 14732 | Lair:2   | Reached *** piety under Elyvilon
 15215 | Lair:2   | Noticed an eight-headed hydra
 15229 | Lair:2   | Killed a one-headed hydra
 15700 | Lair:2   | HP: 3/91 [swamp worm (10)]
 15872 | Lair:2   | Reached skill level 11 in Long Blades
 16418 | Lair:2   | Reached XP level 13. HP: 98/98 MP: 19/19
 17237 | Lair:3   | Reached skill level 12 in Long Blades
 18685 | Lair:4   | Reached **** piety under Elyvilon
 18777 | Lair:4   | Reached skill level 10 in Shields
 18987 | Lair:4   | Reached skill level 10 in Invocations
 19087 | Lair:4   | Found a staircase to the Snake Pit.
 19592 | Lair:4   | Found a staircase to the Swamp.
 20095 | Lair:5   | Noticed a five-headed hydra
 20108 | Lair:5   | Killed a one-headed hydra
 20108 | Lair:5   | Reached XP level 14. HP: 108/108 MP: 21/21
 20899 | Lair:6   | Reached skill level 13 in Long Blades
 21278 | Lair:6   | Reached skill level 10 in Fighting
 21621 | Lair:6   | Reached skill level 10 in Armour
 21900 | Lair:6   | Reached ***** piety under Elyvilon
 23866 | D:10     | Found Ysaiq's Distillery.
 23905 | D:10     | Bought a potion of curing for 33 gold pieces
 23905 | D:10     | Bought 2 potions of agility for 88 gold pieces
 23905 | D:10     | Bought a potion of curing for 33 gold pieces
 24493 | D:11     | Found Cigeel's Jewellery Emporium.
 24493 | D:11     | Found a staircase to the Orcish Mines.
 24548 | D:11     | Found Vuqolong's Book Shoppe.
 25074 | D:11     | Reached skill level 14 in Long Blades
 25263 | D:11     | Bought a cursed amulet of inaccuracy for 24 gold pieces
 25263 | D:11     | Bought a +6 ring of strength for 702 gold pieces
 25290 | D:11     | Found a stormy altar of Qazlal.
 25471 | D:11     | Found Niofobli's Distillery.
 25476 | D:11     | Bought a potion of curing for 42 gold pieces
 25476 | D:11     | Bought a potion of heal wounds for 70 gold pieces
 25476 | D:11     | Bought a potion of heal wounds for 70 gold pieces
 25476 | D:11     | Bought a potion of agility for 56 gold pieces
 25495 | D:11     | Found Fuvyututi's Assorted Antiques.
 25720 | Orc:1    | Entered Level 1 of the Orcish Mines
 25960 | D:11     | Bought a glowing hunting sling for 34 gold pieces
 25960 | D:11     | Bought a potion of heal wounds for 115 gold pieces
 25977 | D:11     | Bought a potion of agility for 56 gold pieces
 25997 | Orc:2    | Entered Level 2 of the Orcish Mines
 26012 | Orc:2    | Reached XP level 15. HP: 99/115 MP: 23/23
 26221 | Orc:2    | Found a staircase to the Elven Halls.
 26243 | Orc:2    | Found Teusuet's Gadget Emporium.
 26372 | Orc:2    | Found Tucvif's General Store.
 26601 | Orc:2    | Cast into level 2 of the Abyss (orc knight)
 26642 | Abyss:2  | Noticed a tentacled monstrosity
 26900 | Abyss:2  | HP: 3/115 [spatial maelstrom (11)]
 27015 | Abyss:3  | Noticed a reaper
 27022 | Abyss:3  | Demolished by a reaper

Vault maps used:
D:1:      evilmike_arrival_plus, grunt_decor_cap
D:2:      serial_forest, infiniplex_forest_clump_cross,
          infiniplex_forest_clump_large, infiniplex_forest_zigzag_1,
          infiniplex_forest_lined_1, infiniplex_forest_clump_small,
          infiniplex_forest_lined_2, infiniplex_forest_lined_2,
          infiniplex_forest_lined_3
D:3:      lemuel_crystal_altar, old_standard_altar, minmay_door_square,
          cheibrodos_ashenzari_chains
D:4:      old_standard_altar, johnstein_pakellas_dig
D:5:      lemuel_doored_altar, zin_treasury, first_bread, uniq_eustachio
D:6:      lightli_temple_of_fire, basic_altar
D:7:      minmay_temple_entry_statues_pillars, enter_ossuary_1,
          eino_tiny_chamber, the_bakery
D:8:      lemuel_round_altar, old_standard_altar, minmay_orc_keep
D:9:      nicolae_overflow_quartered_altars, fiery_altar_vehumet,
          erik_lair_orcish_takeover, bloody_makhleb, uniq_grum
D:10:     serial_shops, shop, hangedman_abyss_or_decor_clamps
D:11:     orc_0_dummy, serial_shops, shop, nicolae_shop_behind_doors, shop,
          kennysheep_mini, basic_altar
Temple:   hc_temple_tempest_star_small
Lair:1:   grunt_forest_large_clearings
Lair:2:   worms_lemuel, serial_bayou_shore_b, grunt_megastairs_3,
          serial_bayou_shore_a, bh_autumn_forest_stairs
Lair:3:   roderic_batcave, lemuel_fruit_tree
Lair:4:   nicolae_swamp_entry_splash_gauntlet, minmay_snake_entry_six_corridors
Lair:5:   serial_bayou_shore_b, lemuel_fruit_fields
Lair:6:   wad_woods_tower
Lair:7:   infiniplex_staircase_pool_2, grunt_megastairs_1
Orc:1:    basic_altar
Orc:2:    st_orc_pillars, serial_shops, nicolae_shop_crystal,
          nicolae_shop_waterfront
Ossuary:  ossuary_zaba_two_paths

Skill      XL: |  1  2  3  4  5  6  7  8  9 10 11 12 13 14 |
---------------+-------------------------------------------+-----
Shields        | 4 5 8 9 10 11 | 11.0
Long Blades    | 3 4 5 6 8 10 11 12 14 | 14.6
Slings         | 3 4 5 6 8 9 11 12 | 12.0
Invocations    | 4 6 7 9 10 11 | 11.0
Fighting       | 4 5 6 8 9 10 | 10.0
Armour         | 4 5 6 7 9 10 | 10.0

Action                   |  1- 3 |  4- 6 |  7- 9 | 10-12 | 13-15 || total
-------------------------+-------+-------+-------+-------+-------++-------
Melee: Long sword        |    85 |   112 |   417 |   224 |    22 ||   860
       Scimitar          |       |       |       |   336 |       ||   336
       Great sword       |       |       |       |   339 |  1192 ||  1531
 Fire: Hunting sling     |     8 |    72 |   141 |   620 |   737 ||  1578
Invok: Lesser Healing    |       |       |       |    50 |    18 ||    68
       Heal Other        |       |       |       |     2 |     1 ||     3
       Greater Healing   |       |       |       |       |     5 ||     5
       Divine Protection |       |       |       |       |     1 ||     1
 Abil: Dig               |       |       |     7 |    12 |    20 ||    39
  Use: Scroll            |     5 |     4 |     8 |     6 |    17 ||    40
       Potion            |       |       |     1 |     1 |       ||     2
  Eat: Chunk             |     1 |     7 |    13 |    37 |    39 ||    97
       Pizza             |       |       |     1 |     1 |     1 ||     3
       Fruit             |       |       |       |     5 |       ||     5
Armor: Scale mail        |    31 |    40 |    57 |       |       ||   128
       Plate armour      |       |       |    71 |   340 |   434 ||   845
Dodge: Dodged            |    36 |    41 |    86 |   179 |   237 ||   579
Block: Shield            |    49 |    63 |   203 |   487 |   622 ||  1424
